AoeStats
← SneakyStab

Fortress

508770142Analyzed
2v2 RM · 8d ago on Sep 24, 2026· 43m 23s· 4 players
Game mode
Random Map
Map size
Normal (6 player)
Population
200
Speed
Normal
Resources
Standard
Victory
Conquest
Starting age
Dark Age
Ending age
Imperial Age
RankedLock teamsTeams togetherTeam positionsShared explorationLock speedFull tech treeHidden civsTurbo modeCheats
Victory
Defeat
🇨🇦 Mongols · Canada
1473
+13
🇨🇦 Saracens · Canada
1425
+14
🇨🇳 Franks · China
1406
-14
🇺🇸 Malians · United States
1385
-13
Danilo Solari
9:11 Feudal Age
12:57 Castle Age
10:45 Horse Collar
10:51 Double-Bit Axe
13:37 Wheelbarrow
14:21 Bow Saw
15:17 Fortified Wall
16:20 Guard Tower
16:40 Fletching
18:03 Masonry
21:55 Loom
25:35 Gold Mining
26:34 Hand Cart
26:56 Squires
26:42 Arson
29:40 Imperial Age
27:16 Squires
27:01 Arson
28:23 Gold Shaft Mining
28:04 Scale Mail Armor
28:14 Forging
27:46 Man-at-Arms
29:06 Chain Mail Armor
28:42 Long Swordsman
28:46 Pikeman
30:00 Stone Mining
29:47 Two-Handed Swordsman
31:02 Plate Mail Armor
30:54 Conscription
31:34 Iron Casting
30:26 Capped Ram
31:19 Champion
33:24 Bodkin Arrow
41:59 Padded Archer Armor
43:19 Hoardings
43:49 Architecture
my teammate can 1v2
7:00 Feudal Age
10:44 Castle Age
8:48 Double-Bit Axe
11:39 Bow Saw
14:29 Wheelbarrow
15:40 Gold Mining
16:33 Loom
19:46 Forging
20:06 Squires
20:11 Scale Mail Armor
24:24 Imperial Age
22:36 Gold Shaft Mining
21:56 Stone Mining
22:42 Gold Shaft Mining
23:05 Fletching
23:15 Padded Archer Armor
23:23 Treadmill Crane
24:56 Bodkin Arrow
25:24 Ballistics
25:34 Hand Cart
25:04 Town Watch
26:27 Chemistry
25:43 Leather Archer Armor
26:22 Conscription
25:25 Ordonnance Companies
27:10 Masonry
27:21 Chain Mail Armor
26:48 Cranequins
26:56 Heavy Mounted Crossbowman
28:36 Plate Mail Armor
29:20 Iron Casting
29:33 Architecture
30:20 Capped Ram
34:09 Pikeman
34:50 Murder Holes
37:31 Elite Skirmisher
39:14 Light Cavalry
40:23 Husbandry
42:27 Hoardings
43:33 Blast Furnace
42:40 Scale Barding Armor
43:36 Blast Furnace
43:05 Chivalry
43:56 Chain Barding Armor
SneakyStab
7:30 Feudal Age
11:12 Castle Age
9:15 Double-Bit Axe
9:33 Horse Collar
13:20 Loom
15:22 Bow Saw
18:31 Wheelbarrow
17:42 Town Watch
18:51 Gold Mining
19:04 Heavy Plow
20:00 Hand Cart
20:10 Gold Mining
20:11 Stone Mining
22:07 Fletching
22:41 Gold Mining
23:52 Ballistics
27:47 Imperial Age
25:32 Bodkin Arrow
26:00 Padded Archer Armor
26:36 Masonry
26:30 Padded Archer Armor
27:50 Leather Archer Armor
28:11 Town Patrol
28:30 Bracer
30:08 Chemistry
28:31 Capped Ram
30:02 Conscription
30:05 Thumb Ring
30:29 Caravan
31:04 Siege Engineers
31:58 Parthian Tactics
31:46 Elite Mangudai
34:57 Drill
34:38 Siege Ram
34:44 Heavy Scorpion
36:11 Scale Barding Armor
36:16 Forging
36:49 Bloodlines
36:39 Husbandry
36:00 Elite Steppe Lancer
37:25 Chain Barding Armor
38:20 Iron Casting
38:37 Hoardings
38:05 Onager
38:09 Siege Ram
41:44 Blast Furnace
41:17 Fortified Wall
41:24 Murder Holes
40:59 Light Cavalry
43:01 Hussar
Testicouille
8:10 Feudal Age
8:49 Double-Bit Axe
8:45 Horse Collar
11:45 Castle Age
12:59 Bow Saw
16:53 Gold Mining
17:02 Loom
20:23 Bloodlines
20:13 Loom
20:13 Town Watch
22:32 Wheelbarrow
25:43 Imperial Age
23:50 Gold Shaft Mining
23:34 Padded Archer Armor
23:27 Stone Mining
26:40 Hand Cart
27:28 Chemistry
26:44 Leather Archer Armor
26:26 Fletching
26:33 Elite Skirmisher
27:36 Ballistics
27:19 Caravan
28:03 Ring Archer Armor
29:26 Two-Man Saw
28:59 Heavy Plow
29:15 Bodkin Arrow
31:12 Bracer
32:32 Husbandry
34:45 Conscription
39:05 Coinage
40:11 Counterweights
41:21 Masonry
41:23 Siege Engineers
40:49 Heavy Camel Rider
41:12 Heavy Camel Rider
41:59 Scale Barding Armor
42:05 Forging
42:22 Fortified Wall
43:20 Chain Barding Armor
42:25 Elite Mameluke
Connection lost

Rejoining the realm…

Still unreachable

The connection could not be restored.

Session expired

The server has moved on; the page needs a fresh start.